 Dungeon Crawl Stone Soup version 0.29-a0-330-g52719c12eb (webtiles) character file.

Game seed: 5732794284673295862

194 septik the Cudgeller (level 5, -1/42 (45) HPs)
             Began as a Minotaur Berserker on Apr 12, 2022.
             Was a Believer of Trog.
             Slain by a wight
             ... wielding a +0 hand axe
              (3 damage)
             ... on level 4 of the Dungeon.
             The game lasted 00:10:05 (2236 turns).

septik the Cudgeller (Minotaur Berserker)           Turns: 2236, Time: 00:10:05

HP:   -1/42 (45)    AC:  4    Str: 23    XL:     5   Next: 44%
MP:   4/4           EV: 16    Int:  4    God:    Trog [**....]
Gold: 120           SH:  0    Dex: 10    Spells: 4/4 levels left

rFire   . . .      SeeInvis .   a - +0 mace
rCold   . . .      Faith    .   (no shield)
rNeg    . . .      Spirit   .   b - +0 animal skin
rPois   .          Reflect  .   (helmet restricted)
rElec   .          Harm     .   (no cloak)
rCorr   .          Rampage  .   h - +1 pair of gloves
Will    .....                   (no boots)
Stlth   +.........              (no amulet)
HPRegen 0.14/turn               s - +4 ring of evasion
MPRegen 0.09/turn               (no ring)

@: on berserk cooldown, slowed, drained, very slow
A: horns 2, retaliatory headbutt
a: Renounce Religion, Berserk, Trog's Hand


You were on level 4 of the Dungeon.
You worshipped Trog.
Trog was pleased with you.
You visited 1 branch of the dungeon, and saw 4 of its levels.

You collected 120 gold pieces.

Inventory:

Hand Weapons
 a - a +0 mace (weapon)
Missiles
 c - 81 stones (quivered)
 o - 3 throwing nets
Armour
 b - a +0 animal skin (worn)
 h - a +1 pair of gloves (worn)
 j - a +0 chain mail
Jewellery
 d - an amulet of guardian spirit
 s - a +4 ring of evasion (left hand)
Wands
 e - a wand of paralysis (10)
Scrolls
 k - 2 scrolls of teleportation
 m - a scroll of noise
 q - a scroll of magic mapping {unknown}
Potions
 f - a potion of flight {unknown}
 g - 2 potions of mutation {unknown}
 i - a potion of attraction {unknown}
 l - a potion of ambrosia {unknown}
 n - a potion of haste {unknown}
 p - 2 potions of curing {unknown}
 r - a potion of berserk rage {unknown}
 t - a potion of heal wounds {unknown}


   Skills:
 - Level 3.6 Fighting
 + Level 7.5 Maces & Flails
 - Level 2.4 Armour
 - Level 2.1 Dodging


You had 4 spell levels left.
You didn't know any spells.
Your spell library was empty.

Dungeon Overview and Level Annotations

Branches:
Dungeon (4/15)
 Temple: D:4-7

Altars:

Shops:
D:1 :   D:2 *


Innate Abilities, Weirdness & Mutations

You have a pair of horns on your head.
You reflexively headbutt those who attack you in melee.


Message History

A wight comes into view. It is wielding a +0 hand axe.
Found 22 stones.
You are no longer berserk.
You are exhausted.
You feel yourself slow down.
Things that are here:
a +4 spear; a +0 robe You hit the wight but do no damage.
You headbutt the wight.
The wight is moderately damaged.
The wight closely misses you. You furiously retaliate!
You headbutt the wight. The wight hits you with a +0 hand axe.
You feel drained. The wight hits you with a +0 mace!
You feel drained. The wight attacks as you move away!
The wight barely misses you. The wight attacks as you move away!
The wight closely misses you. x2
Things that are here:
a +0 mace; a +0 robe You hit the wight.
The wight is moderately damaged.
The wight hits you with a +0 hand axe.
* * * LOW HITPOINT WARNING * * *
The wight closely misses you.
You closely miss the wight.
The wight is moderately damaged.
The wight completely misses you.
You closely miss the wight.
The wight is moderately damaged.
The wight misses you. The wight hits you with a +0 hand axe.
* * * LOW HITPOINT WARNING * * *
You hit the wight. You headbutt the wight!
The wight is almost destroyed.
The wight barely misses you.
You hit the wight but do no damage.
The wight is almost destroyed.
The wight hits you with a +0 hand axe!
* * * LOW HITPOINT WARNING * * *
You feel drained. The wight hits you with a +0 hand axe.
You die...

.# .# .### ... .. ..##
.. (..# .#
########...###.
#.###.#
#....@zz....... .....#
#.#######.##### ..#..#
#.# # #.#..# #.#
#.#).# #.#
####.#..####.#######.#
.............<.......#
.....)<..####.###.....
...#......###.###.##.#


You could see 2 wights.

Vanquished Creatures
  2 wights (D:4)
  A hound (D:4)
  An adder (D:4)
  An orc (D:4)
  5 ball pythons
  5 bats
  3 endoplasms
  4 giant cockroaches
  4 goblins
  2 hobgoblins
  6 jackals
  3 quokkas
  4 frilled lizards
  7 kobolds
  4 rats
52 creatures vanquished.

Notes
Turn   | Place    | Note
-------+----------+-------------------------------------------
     0 | D:1      | septik the Minotaur Berserker began the quest for the Orb.
     0 | D:1      | Reached XP level 1. HP: 19/19 MP: 0/0
   179 | D:1      | Found a faded altar of an unknown god.
   283 | D:1      | Reached skill level 4 in Maces & Flails
   313 | D:1      | Reached XP level 2. HP: 26/26 MP: 1/1
   620 | D:1      | Found Dinkeh's Book Boutique.
   846 | D:1      | Reached skill level 5 in Maces & Flails
  1081 | D:2      | Reached ** piety under Trog
  1124 | D:2      | Reached XP level 3. HP: 24/31 MP: 2/2
  1668 | D:2      | Found Qohumiem's General Store.
  2174 | D:4      | Reached skill level 6 in Maces & Flails
  2174 | D:4      | Reached XP level 4. HP: 39/39 MP: 3/3
  2226 | D:4      | Reached skill level 7 in Maces & Flails
  2226 | D:4      | Reached XP level 5. HP: 45/45 MP: 4/4
  2236 | D:4      | HP: 2/43 [wight/+0 hand axe (7)]
  2236 | D:4      | Slain by a wight

Illustrated notes

Levels and vault maps discovered:
D:1:      evilmike_arrival_plus, layout_basic, ebering_ecumenical_altar_hall,
          serial_shops, nicolae_shop_temple_entry_statues_fountains,
          minmay_pentomino_o2
D:2:      layout_basic, serial_shops, nicolae_shop_trees
D:3:      layout_basic, gup_sewer_entry_bubbles
D:4:      layout_loops_ring, minmay_box_of_dots

Skill      XL: |  1  2  3  4 |
---------------+-------------+-----
Maces & Flails | 4 5 6 7 |  7.5
Fighting       | |  3.6
Armour         | |  2.4
Dodging        | |  2.1

Action                   |  1- 3 |  4- 6 || total
-------------------------+-------+-------++-------
Melee: Mace              |    74 |     7 ||    81
       Headbutt          |    10 |     3 ||    13
       Punch             |     1 |       ||     1
Throw: Stone             |     1 |       ||     1
Invok: Berserk           |     1 |     1 ||     2
  Use: Scroll            |     4 |       ||     4
Armor: Animal skin       |    17 |       ||    17
Dodge: Dodged            |    58 |     9 ||    67

Table legend: (Time is in decaauts)
 A = Elapsed time spent in this place.
 B = Non-inter-level travel time spent in this place.
 C = Inter-level travel time spent in this place.
 D = Time resting spent in this place.
 E = Time spent auto-exploring this place.
 F = Levels seen in this place.
 G = Mean time per level.
                   A        B        C        D        E       F      G
               +--------+--------+--------+--------+--------+-----+--------+
         Total |   2253 |   2194 |     59 |     27 |   1830 |   4 |  563.2 |
       Dungeon |   2253 |   2194 |     59 |     27 |   1830 |   4 |  563.2 |
               +--------+--------+--------+--------+--------+-----+--------+

Top non-repeatable levels by time:
     D:2: 1017 daAuts
     D:1: 988 daAuts
     D:3: 167 daAuts
     D:4: 80 daAuts
